AoeStats
← CazadorGT

Arabia

506869281Analyzed
2v2 RM · 18d ago on Sep 15, 2026· 18m 15s· 4 players
Game mode
Random Map
Map size
Medium (4 player)
Population
200
Speed
Normal
Resources
Standard
Victory
Conquest
Starting age
Dark Age
Ending age
Imperial Age
RankedLock teamsTeams togetherTeam positionsShared explorationLock speedFull tech treeHidden civsTurbo modeCheats
Victory
Defeat
🇬🇹 Turks · Guatemala
1189
+12
🇬🇹 Byzantines · Guatemala
1087
+17
🇨🇳 Mongols · China
1121
-15
🇦🇷 Ethiopians · Argentina
1088
-14
KEVINLUCIANO631
5:43 Loom
9:15 Feudal Age
9:51 Double-Bit Axe
13:36 Fletching
我是小菜鸡
9:36 Feudal Age
CazadorGT
7:49 Loom
10:11 Feudal Age
11:42 Double-Bit Axe
13:23 Forging
15:40 Scale Barding Armor
16:59 Horse Collar
Fabrizio
4:12 Loom
9:56 Feudal Age
10:26 Double-Bit Axe
13:17 Horse Collar
Connection lost

Rejoining the realm…

Still unreachable

The connection could not be restored.

Session expired

The server has moved on; the page needs a fresh start.